 Dungeon Crawl Stone Soup version 0.22.1-2-g9c5b331 (webtiles) character file.

739 teukkam the Skirmisher (level 7, -2/62 HPs)
             Began as a Minotaur Fighter on Nov 15, 2018.
             Was a Follower of Wu Jian.
             Slain by Menkaure (20 damage)
             ... on level 4 of the Dungeon on Nov 16, 2018.
             The game lasted 00:11:29 (2609 turns).

teukkam the Skirmisher (Minotaur Fighter)           Turns: 2609, Time: 00:11:30

Health: -2/62      AC: 10    Str: 22    XL:     7   Next: 46%
Magic:  6/6        EV:  6    Int:  5    God:    Wu Jian [*.....]
Gold:   164        SH: 10    Dex: 10    Spells: 6/6 levels left

rFire    . . .     SeeInvis .   a - +2 spear (venom)
rCold    + . .     Gourm    .   c - +0 shield
rNeg     . . .     Faith    .   m - +0 chain mail
rPois    .         Spirit   .   (helmet restricted)
rElec    .         Reflect  .   (no cloak)
rCorr    .         Harm     .   (no gloves)
MR       .....                  (no boots)
Stlth    ..........             (no amulet)
HPRegen  0.20/turn              i - ring of protection from cold
MPRegen  0.10/turn              (no ring)

@: no status effects
A: retaliatory headbutt, horns 2
a: Renounce Religion


You were on level 4 of the Dungeon.
You worshipped Wu Jian.
Wu Jian was aware of your devotion.
You were not hungry.

You visited 2 branches of the dungeon, and saw 5 of its levels.

You collected 164 gold pieces.

Inventory:

Hand Weapons
 a - a +2 spear of venom (weapon)
 b - a +0 hunting sling
 d - a +2 vampiric hand axe
 g - a +0 war axe
Missiles
 h - 15 poisoned needles
 k - 59 arrows
 x - 4 sling bullets
 y - 24 bolts
 z - 106 stones (quivered)
Armour
 c - a +0 shield (worn)
 m - a +0 chain mail (worn)
Jewellery
 i - a ring of protection from cold (left hand)
 l - a cursed ring of attention {unknown}
 D - an uncursed amulet of magic regeneration {unknown}
 F - an uncursed ring of protection from cold
Wands
 C - a wand of flame (18)
Scrolls
 e - 3 scrolls of identify
 f - a scroll of blinking
 j - 2 scrolls of random uselessness {unknown}
 n - a scroll of enchant armour {unknown}
 q - a scroll of teleportation {unknown}
 w - a scroll of fear {unknown}
Potions
 p - 2 potions of degeneration {unknown}
 r - a potion of mutation {unknown}
 s - a potion of magic {unknown}
 t - 2 potions of resistance {unknown}
 u - a potion of ambrosia {unknown}
 v - a potion of lignification {unknown}
 E - a potion of curing
Comestibles
 A - 5 rations


   Skills:
 + Level 5.9 Fighting
 - Level 3.2(4.1) Axes
 + Level 3.7(4.3) Polearms
 + Level 2.7 Slings
 + Level 5.9 Armour
 + Level 5.9 Shields


You had 6 spell levels left.
You didn't know any spells.
Your spell library was empty.

Dungeon Overview and Level Annotations

Branches:
Dungeon (4/15)             Temple (1/1) D:4

Altars:
Ashenzari
Cheibriados
Dithmenos
Elyvilon
Fedhas
Gozag
Hepliaklqana
Kikubaaqudgha
Makhleb
Nemelex Xobeh
Ru
Sif Muna
Uskayaw
Vehumet
Wu Jian
Xom
Zin

Annotations:
D:4 Edmund, Menkaure


Innate Abilities, Weirdness & Mutations

You reflexively headbutt those who attack you in melee.
You have a pair of horns on your head.


Message History

You hit the gnoll.
The gnoll looks as sick as possible!
Your headbutt misses the gnoll.
The gnoll is moderately wounded.
You block the gnoll's attack.
You puncture the gnoll!
You kill the gnoll!
The Council accepts your kill.
Menkaure calls on the powers of darkness!
The gnoll convulses!
Your body is wracked with pain!
Edmund convulses!
It was a potion of cancellation.
You feel magically purged.
Menkaure calls on the powers of darkness!
The gnoll convulses!
Your body is wracked with pain!
* * * LOW HITPOINT WARNING * * *
Edmund convulses!
Edmund grinds his teeth, and then sighs.
As you read the scroll labeled SULUTI ATOYRY, it crumbles to dust.
It is a scroll of identify.
f - a scroll of blinking Menkaure hits you!!
You die...

... # ... #.#g#
.#.## ...
###### #g#
#....# #@#
#....# #M#
#..... #@####
#<...# #....#
#....# ####.#
#....#
#.########....#
#.#...##...##.#
#.#.#.##.####..
#.#.#......####
#.#.###.##.#
#...# #.##.#


You could see Edmund, Menkaure and 2 gnolls.

Vanquished Creatures
  Grinder (D:4)
  Blork the orc (D:4)
  A bullfrog (D:4)
  An orc priest (D:3)
  A gnoll shaman (D:4)
  A hound (D:4)
  2 orc wizards (D:3)
  An iguana (D:4)
  2 worker ants (D:4)
  Natasha (thrice) (D:4)
  5 gnolls
  3 adders
  An ooze (D:1)
  4 worms
  5 orcs (D:3)
  3 giant cockroaches
  6 goblins
  7 hobgoblins
  2 quokkas
  3 ball pythons
  6 bats
  A frilled lizard (D:4)
  2 kobolds
  10 rats
72 creatures vanquished.

Notes
Turn   | Place    | Note
-------+----------+-------------------------------------------
     0 | D:1      | teukkam the Minotaur Fighter began the quest for the Orb.
     0 | D:1      | Reached XP level 1. HP: 19/19 MP: 0/0
   105 | D:1      | Reached XP level 2. HP: 27/27 MP: 1/1
   564 | D:2      | Reached XP level 3. HP: 33/33 MP: 2/2
   724 | D:3      | Reached XP level 4. HP: 41/41 MP: 3/3
   808 | D:4      | Noticed Menkaure
   822 | D:4      | Found a snail-covered altar of Cheibriados.
   849 | D:4      | Found a staircase to the Ecumenical Temple.
   855 | Temple   | Entered the Ecumenical Temple
   863 | Temple   | Became a worshipper of the Wu Jian Council
   965 | D:1      | Reached skill level 1 in Polearms
  1520 | D:3      | Reached XP level 5. HP: 47/47 MP: 4/4
  1595 | D:3      | Reached * piety under Wu Jian
  2082 | D:4      | Reached skill level 5 in Fighting
  2082 | D:4      | Reached skill level 5 in Armour
  2082 | D:4      | Reached skill level 5 in Shields
  2103 | D:4      | Noticed Edmund
  2220 | D:4      | Reached skill level 1 in Slings
  2220 | D:4      | Reached XP level 6. HP: 51/56 MP: 5/5
  2255 | D:4      | Found a hazy altar of Hepliaklqana.
  2255 | D:4      | Noticed Grinder
  2258 | D:4      | Found a shimmering altar of Xom.
  2258 | D:4      | Noticed a yak
  2259 | D:4      | Noticed a yak
  2259 | D:4      | Noticed a spectral ugly thing
  2262 | D:4      | Killed Grinder
  2262 | D:4      | Reached XP level 7. HP: 61/61 MP: 6/6
  2284 | D:4      | Noticed Blork the orc
  2292 | D:4      | Killed Blork the orc
  2325 | D:4      | Found an ancient bone altar of Kikubaaqudgha.
  2326 | D:4      | Found a blossoming altar of Fedhas.
  2349 | D:4      | Noticed Natasha
  2354 | D:4      | Killed Natasha
  2469 | D:4      | Noticed Natasha
  2485 | D:4      | Killed Natasha
  2557 | D:4      | Noticed Natasha
  2560 | D:4      | Killed Natasha
  2609 | D:4      | Slain by Menkaure

Skill      XL: |  1  2  3  4  5  6 |
---------------+-------------------+-----
Fighting       | 4 5 |  5.9
Armour         | 4 5 |  5.9
Axes           | 3 |  3.2
Shields        | 4 5 |  5.9
Polearms       | 1 2 3 |  3.7
Slings         | 1 2 |  2.7

Action                   |  1- 3 |  4- 6 |  7- 9 || total
-------------------------+-------+-------+-------++-------
Melee: War axe           |    12 |       |       ||    12
       Headbutt          |     7 |    14 |     7 ||    28
       Hand axe          |    31 |       |       ||    31
       Spear             |     5 |    89 |    42 ||   136
 Fire: Hunting sling     |       |    21 |       ||    21
Invok: Lunge             |       |     6 |     3 ||     9
       Whirlwind         |       |    13 |    10 ||    23
  Use: Potion            |     1 |     1 |     1 ||     3
       Scroll            |       |       |     1 ||     1
  Eat: Ration            |     1 |     1 |       ||     2
       Chunk             |     1 |     1 |     1 ||     3
Armor: Scale mail        |    16 |     3 |       ||    19
       Chain mail        |       |    26 |     8 ||    34
Dodge: Dodged            |    19 |    10 |     7 ||    36
Block: Shield            |    32 |    33 |    13 ||    78
